 Seeded DCSS version 0.28-a0-657-g71136c5590 (webtiles) character file.

Game seed: 20211011 (custom seed)

23 a11behringer the Slasher (level 2, -1/27 HPs)
             Began as a Minotaur Berserker on Oct 14, 2021.
             Was a Follower of Trog.
             Succumbed to an adder's poison
             ... on level 2 of the Dungeon.
             The game lasted 00:02:51 (1030 turns).

a11behringer the Slasher (Minotaur Berserker)       Turns: 1030, Time: 00:02:52

Health: -1/27      AC: 11    Str: 21    XL:     2   Next: 72%
Magic:  1/1        EV:  6    Int:  4    God:    Trog [*.....]
Gold:   16         SH:  0    Dex:  9    Spells: 1/1 levels left

rFire   . . .      SeeInvis .   a - +0 falchion
rCold   . . .      Faith    .   (no shield)
rNeg    . . .      Spirit   .   h - +0 plate armour
rPois   .          Reflect  .   (helmet restricted)
rElec   .          Harm     .   (no cloak)
rCorr   .          Rampage  .   (no gloves)
Will    .....                   (no boots)
Stlth   ..........              (no amulet)
HPRegen 0.09/turn               (no ring)
MPRegen 0.07/turn               (no ring)

@: lethally poisoned (-1 -> -12)
A: horns 2, retaliatory headbutt
a: Renounce Religion, Berserk


You were on level 2 of the Dungeon.
You worshipped Trog.
Trog was aware of your devotion.
You visited 1 branch of the dungeon, and saw 2 of its levels.

You collected 16 gold pieces.

Inventory:

Hand Weapons
 a - a +0 falchion (weapon)
Armour
 b - a +0 animal skin
 h - a +0 plate armour (worn)
Scrolls
 d - a scroll of noise {unknown}
 f - a scroll of fear {unknown}
 g - 2 scrolls of identify {unknown}
Potions
 c - 2 potions of lignification {unknown}
 e - a potion of invisibility {unknown}
 i - a potion of degeneration {unknown}
 j - a potion of haste {unknown}


   Skills:
 + Level 4.0 Fighting
 * Level 4.2 Long Blades
 + Level 2.7 Armour
 + Level 2.3 Dodging


You had one spell level left.
You didn't know any spells.
Your spell library was empty.

Dungeon Overview and Level Annotations

Branches:
Dungeon (2/15)

Altars:


Innate Abilities, Weirdness & Mutations

You have a pair of horns on your head.
You reflexively headbutt those who attack you in melee.


Message History

The goblin unwields a +1 hunting sling of freezing.
The goblin wields a +0 club.
The goblin hits you but does no damage.
You barely miss the adder.
The adder is heavily wounded.
The adder closely misses you. The adder bites you.
The goblin hits you but does no damage.
You closely miss the adder. Your headbutt misses the adder.
The adder is heavily wounded.
The adder bites you but does no damage. The goblin hits you but does no damage.
You miss the adder.
The adder is heavily wounded.
The adder bites you but does no damage. The goblin hits you with a +0 club.
You hit the adder but do no damage. Your headbutt misses the adder.
The adder is heavily wounded.
The adder bites you but does no damage. The goblin completely misses you.
The adder bites you but does no damage.
You closely miss the adder. Your headbutt misses the adder.
The adder is heavily wounded.
The adder bites you.
* * * LOW HITPOINT WARNING * * *
The goblin hits you but does no damage.
You miss the adder.
The adder is heavily wounded.
The adder bites you.
* * * LOW HITPOINT WARNING * * *
You are lethally poisoned!
The adder poisons you! The goblin hits you but does no damage.
The adder bites you but does no damage.
You miss the adder. Your headbutt misses the adder.
The adder is heavily wounded.
* * * LOW HITPOINT WARNING * * *
You feel sick. The adder bites you.
* * * LOW HITPOINT WARNING * * *
You are more poisoned.
The adder poisons you! The goblin hits you but does no damage.
Unknown command.
You miss the adder. You headbutt the adder.
You kill the adder!
Trog accepts your kill.
You die...

......#...# ...#.#
.......#..###..##.##
..........##...#...###
..#.............. ...
......###......# ..# ##
#.....#........##.##..
...##...............#.#
..###...........##....#
.......<.###....@†....#
......#..#######†g....#
......#...## #.###....
.#......#.†### #.. ...
.............##.... .
..###.###...........
.....................
........).............
##........###....


You could see a goblin.

Vanquished Creatures
  2 adders (D:2)
  A worm (D:2)
  5 endoplasms
  A ball python (D:2)
  2 frilled lizards
  A kobold (D:1)
  A rat (D:1)
13 creatures vanquished.

Vanquished Creatures (others)
  2 plants (D:1)
2 creatures vanquished.

Grand Total: 15 creatures vanquished

Notes
Turn   | Place    | Note
-------+----------+-------------------------------------------
     0 | D:1      | a11behringer the Minotaur Berserker began the quest for the
                  | Orb.
     0 | D:1      | Reached XP level 1. HP: 19/19 MP: 0/0
   543 | D:1      | Found a faded altar of an unknown god.
   823 | D:2      | Reached XP level 2. HP: 27/27 MP: 1/1
  1030 | D:2      | Succumbed to an adder's poison

Illustrated notes

Levels and vault maps discovered:
D:1:      eino_arrival_water_star, layout_basic, chequers_ecumenical_altar_lobes
D:2:      layout_rooms, minmay_misc_feat_x, minmay_misc_feat_tower

Skill      XL: |  1  2 |
---------------+-------+-----
Long Blades    | 4 |  4.2
Fighting       | 4 |  4.0
Armour         | |  2.7
Dodging        | |  2.3

Action                   || total
-------------------------++-------
Melee: Falchion          ||    41
       Headbutt          ||     6
Armor: Animal skin       ||     3
       Plate armour      ||    31
Dodge: Dodged            ||    11

Table legend: (Time is in decaauts)
 A = Elapsed time spent in this place.
 B = Non-inter-level travel time spent in this place.
 C = Inter-level travel time spent in this place.
 D = Time resting spent in this place.
 E = Time spent auto-exploring this place.
 F = Levels seen in this place.
 G = Mean time per level.
                   A        B        C        D        E       F      G
               +--------+--------+--------+--------+--------+-----+--------+
         Total |   1034 |    965 |     69 |      0 |    849 |   2 |  517.0 |
       Dungeon |   1034 |    965 |     69 |      0 |    849 |   2 |  517.0 |
               +--------+--------+--------+--------+--------+-----+--------+

Top non-repeatable levels by time:
     D:1: 820 daAuts
     D:2: 214 daAuts
